AoeStats
← aleph224aleph224

Arabia

506415843Analyzed
1v1 RM · 20d ago on Sep 13, 2026· 54m 16s· 2 players
Game mode
Random Map
Map size
Tiny (2 player)
Population
200
Speed
Normal
Resources
Standard
Victory
Conquest
Starting age
Dark Age
Ending age
Imperial Age
RankedLock teamsTeams togetherTeam positionsShared explorationLock speedFull tech treeHidden civsTurbo modeCheats
Victory
Defeat
🇨🇱 Spanish · Chile
968
+13
🇹🇼 Goths · Taiwan
907
-13
aleph224aleph224
0:26 Loom
10:14 Feudal Age
10:55 Double-Bit Axe
10:46 Man-at-Arms
16:45 Forging
23:11 Castle Age
21:58 Horse Collar
22:22 Scale Mail Armor
22:56 Town Watch
23:44 Long Swordsman
25:16 Squires
25:33 Elite Skirmisher
26:17 Fletching
27:10 Bodkin Arrow
27:17 Padded Archer Armor
29:37 Leather Archer Armor
30:57 Wheelbarrow
30:23 Town Patrol
32:37 Chain Mail Armor
33:00 Iron Casting
45:24 Imperial Age
45:46 Anarchy
46:24 Hand Cart
51:26 Imperial Age
51:02 Ballistics
50:20 Pikeman
53:38 Blast Furnace
53:43 Halberdier
SAIBOT
8:57 Loom
11:35 Feudal Age
18:02 Castle Age
29:34 Padded Archer Armor
30:12 Double-Bit Axe
30:12 Horse Collar
36:39 Bloodlines
38:27 Husbandry
42:40 Wheelbarrow
42:38 Leather Archer Armor
44:24 Fletching
47:21 Imperial Age
44:56 Gold Mining
47:54 Scale Barding Armor
48:29 Heavy Plow
51:08 Ring Archer Armor
52:03 Conscription
54:28 Forging
Connection lost

Rejoining the realm…

Still unreachable

The connection could not be restored.

Session expired

The server has moved on; the page needs a fresh start.